 Dungeon Crawl Stone Soup version 0.28-a0-384-g9e0c098162 (webtiles) character file.

Game seed: 2349737301609933287

5455 omnomnOMINOUS the Destroyer (level 10, -9/106 HPs)
             Began as an Octopode Wanderer on Sept 2, 2021.
             Was an Elder of Vehumet.
             Mangled by a cyan ugly thing (14 damage)
             ... on level 7 of the Dungeon.
             The game lasted 00:46:18 (11754 turns).

omnomnOMINOUS the Destroyer (Octopode Wanderer)    Turns: 11754, Time: 00:46:19

Health: -9/106     AC: 21    Str: 10    XL:     10   Next: 68%
Magic:  7/14       EV:  2    Int: 21    God:    Vehumet [****..]
Gold:   1081       SH:  4    Dex: 10    Spells: 8/15 levels left

rFire   . . .      SeeInvis .   a - +3 whip (elec)
rCold   + . .      Faith    .   A - +0 buckler
rNeg    + + +      Spirit   .   (helmet currently unavailable)
rPois   +          Reflect  .   (no amulet)
rElec   .          Harm     .   n - ring of protection from cold
rCorr   .          Rampage  .   G - ring of willpower
Will    +....      NoTele   +   (no ring)
Stlth   +++.......              (no ring)
HPRegen 0.27/turn               (no ring)
MPRegen 0.14/turn               (no ring)
                                (no ring)
                                (no ring)

@: mighty, tree-form, corroded
A: stationary, stasis, torment immunity, boosted hp, almost no armour,
(amphibious), 8 rings, (camouflage 1), (gelatinous body 1), (nimble swimmer 1),
(tentacles)
a: Renounce Religion


You were on level 7 of the Dungeon.
You worshipped Vehumet.
Vehumet was greatly pleased with you.
You were a tree.
You visited 2 branches of the dungeon, and saw 8 of its levels.
You also visited: Bailey.

You collected 1081 gold pieces.

Inventory:

Hand Weapons
 a - a +3 whip of electrocution (weapon)
 d - a +0 whip of pain
 e - a +2 whip of venom
 g - a +2 short sword of draining
 t - a +2 vorpal war axe
 E - a +0 dagger of electrocution
 F - a +1 trident of protection
 H - a +0 spear of venom
 J - a +4 short sword of freezing
Missiles
 v - 4 curare-tipped darts
 B - 3 throwing nets (quivered)
 C - 3 datura-tipped darts
Armour
 s - a +0 kite shield of fire resistance
 y - a +1 hat (melded)
 A - a +0 buckler (worn)
Magical Staves
 b - a staff of conjuration
 k - a staff of death
Jewellery
 n - a ring of protection from cold (left branch)
 D - a ring of ice
 G - a ring of willpower (right branch)
Wands
 K - a wand of iceblast (9)
Scrolls
 f - 2 scrolls of fear
 i - 2 scrolls of enchant armour
 o - a scroll of holy word
 p - 4 scrolls of teleportation
 r - 2 scrolls of amnesia
 u - a scroll of silence
 w - 3 scrolls of enchant weapon
Potions
 c - 2 potions of curing
 h - 2 potions of resistance {unknown}
 j - 3 potions of magic
 l - a potion of attraction {unknown}
 m - 2 potions of flight {unknown}
 q - a potion of cancellation {unknown}
 z - a potion of might
 I - 2 potions of brilliance {unknown}
 L - a potion of haste


   Skills:
 + Level 7.3 Fighting
 - Level 2.0 Staves
 + Level 8.1 Dodging
 - Level 6.6 Stealth
 + Level 4.2 Shields
 - Level 3.0 Spellcasting
 * Level 9.9 Conjurations


You had 8 spell levels left.
You knew the following spells:

 Your Spells              Type           Power      Damage    Failure   Level
a - Shock                 Conj/Air       96%        1d9       1%          1
b - Frozen Ramparts       Ice            6%         1d2       11%         3
c - Mephitic Cloud        Conj/Pois/Air  17%        N/A       3%          3

Your spell library contained the following spells:

 Spells                   Type           Power      Damage    Failure   Level
 Iskenderun's Mystic Bla  Conj/Tloc      24%        2d7       4%          4
 Sublimation of Blood     Necr           1%         N/A       21%         2
 Wereblood                Tmut           3%         N/A       21%         2
 Ozocubu's Armour         Ice            3%         N/A       36%         3
 Tukima's Dance           Hex            3%         N/A       36%         3
 Yara's Violent Unravell  Hex/Tmut       1%         3d3       63%         5
 Passage of Golubria      Tloc           N/A        N/A       78%         4
 Metabolic Englaciation   Hex/Ice        1%         N/A       98%         5
 Simulacrum               Ice/Necr       1%         N/A       100%        6
 Summon Hydra             Summ           1%         N/A       100%        7


Dungeon Overview and Level Annotations

Branches:
Dungeon (7/15)             Temple (1/1) D:6          Bailey (visited)

Altars:
Ashenzari
Cheibriados
Dithmenos
Elyvilon
Fedhas
Gozag
Hepliaklqana
Kikubaaqudgha
Makhleb
Nemelex Xobeh
Qazlal
Ru
Trog
Vehumet
Wu Jian
Xom
Yredelemnul
Zin
The Shining One

Shops:
D:2 *

Annotations:
D:6 3 runed translucent doors, Manisian's ghost, novice SpTm; Shayle's ghost, novice DjWr; robertstho's ghost, novice DjCA


Innate Abilities, Weirdness & Mutations

You are a tree.
Your roots penetrate the ground, keeping you stationary.
You cannot be teleported.
You are immune to unholy pain and torment.
Your maximum health is greatly increased.
You cannot wear most types of armour.
((You are amphibious.))
You can wear up to eight rings at the same time.
((Your skin changes colour to match your surroundings (Stealth+).))
((Your rubbery body absorbs attacks. (AC +1, EV +1)))
((You are camouflaged near water. (Stealth+)))
((You have tentacles for arms and can constrict up to eight enemies at once.))


Message History

Your +3 whip of electrocution stops crackling.
b - a staff of conjuration (weapon)
Okay, then.
Unknown command.
Casting: Mephitic Cloud (dangerous; 3% risk of failure)
Confirm with . or Enter, or press ? or * to list all spells.
Aiming: Shock (safe; 1% risk of failure)
Press: ? - help, Shift-Dir - straight line, f - cyan ugly thing
Aim: a cyan ugly thing (moderately wounded, 74% to hit)
You feel a surge of power!
The zap hits the troll!
The troll is severely wounded.
The zap hits the cyan ugly thing.
The cyan ugly thing resists.
The cyan ugly thing is moderately wounded.
Really quaff the potion of lignification?
You turn into a tree.
Your +1 hat melds into your body.
Your roots penetrate the ground.
The troll is engulfed in noxious fumes.
Unknown command.
Casting: Shock (safe; 1% risk of failure)
Confirm with . or Enter, or press ? or * to list all spells.
Okay, then.
Unknown command.
You feel very mighty all of a sudden.
An orc warrior comes into view. It is wielding a +0 battleaxe.
You hear the crackle of electricity.
a - a +3 whip of electrocution (weapon)
The orc warrior shouts!
Casting: Shock (safe; 1% risk of failure)
Confirm with . or Enter, or press ? or * to list all spells.
Aiming: Shock (safe; 1% risk of failure)
Press: ? - help, Shift-Dir - straight line, f/p - cyan ugly thing
Aim: a cyan ugly thing (moderately wounded, 74% to hit)
The zap hits the cyan ugly thing.
The cyan ugly thing resists.
The cyan ugly thing is moderately wounded.
Unknown command.
You barely miss the cyan ugly thing.
The cyan ugly thing is moderately wounded.
The cyan ugly thing pecks you!
* * * LOW HITPOINT WARNING * * *
The cyan ugly thing shocks you!
You die...

#.#.. #...#. ...#
#.#.##
######.######.#..#
#.....o....u.y#...
#.......######..##
###.......#
##..##.
#.........#
#..##.#
#.T.u.....#
#[##.#.
#..♣#######
#.#.#.. #...#
#.#.#.# #...#
#...#.# #...#
#.#.#.# #...#
#.#.#.. #####
#.##.#. #..##.#
##. ##. #..##


You could see a cyan ugly thing, a troll (confused) and an orc warrior.

Vanquished Creatures
  An orc knight (Bailey)
  An ugly thing (D:7)
  An orc sorcerer (Bailey)
  A kobold demonologist (Bailey)
  A steam dragon (D:7)
  Grum (D:5)
  A water moccasin (D:7)
  10 orc warriors (Bailey)
  A sky beast (D:6)
  2 ice beasts
  2 necrophages
  A wolf (D:5)
  2 centaurs
  A kobold brigand (D:7)
  3 gnoll sergeants (D:5)
  A wyvern skeleton (D:7)
  A howler monkey (D:4)
  4 wights (D:6)
  5 electric eels (Bailey)
  A centaur zombie (D:6)
  2 jellies
  8 hounds
  A bullfrog skeleton (D:7)
  4 gnoll shamans
  5 iguanas
  Natasha (thrice) (D:2)
  4 orc wizards
  A killer bee zombie (D:6)
  A hound skeleton (D:4)
  Robin (D:2)
  26 gnolls
  5 adders
  2 howler monkey skeletons
  2 white imps (D:6)
  A worm (D:2)
  A dart slug (D:2)
  35 orcs
  5 ball pythons
  8 bats
  8 endoplasms
  A giant cockroach (D:2)
  19 goblins
  14 hobgoblins
  6 jackals (D:5)
  2 quokkas
  4 frilled lizards
  11 kobolds
  9 rats
230 creatures vanquished.

Vanquished Creatures (others)
  An orc wizard (D:5)
  3 withered plants (D:6)
4 creatures vanquished.

Grand Total: 234 creatures vanquished

Notes
Turn   | Place    | Note
-------+----------+-------------------------------------------
     0 | D:1      | omnomnOMINOUS the Octopode Wanderer began the quest for the
                  | Orb.
     0 | D:1      | omnomnOMINOUS set off with the following items: a +2
                  | quarterstaff, a potion of lignification, a potion of
                  | curing, a +0 dagger
     0 | D:1      | Reached XP level 1. HP: 11/11 MP: 1/1
    72 | D:1      | Found a faded altar of an unknown god.
    80 | D:1      | Became a worshipper of Vehumet
    80 | D:1      | Reached * piety under Vehumet
    80 | D:1      | Offered knowledge of Shock by Vehumet.
   361 | D:1      | Reached XP level 2. HP: 13/18 MP: 1/3
   363 | D:1      | Learned a level 1 spell: Shock
   451 | D:1      | Reached skill level 1 in Spellcasting
  1125 | D:2      | Noticed Natasha
  1129 | D:2      | Killed Natasha
  1130 | D:2      | Reached skill level 1 in Fighting
  1130 | D:2      | Reached XP level 3. HP: 18/23 MP: 3/5
  1216 | D:2      | Noticed Natasha
  1231 | D:2      | Killed Natasha
  1232 | D:2      | Reached XP level 4. HP: 28/28 MP: 2/7
  1501 | D:2      | Noticed Natasha
  1528 | D:2      | Offered knowledge of Freeze by Vehumet.
  1530 | D:2      | Reached ** piety under Vehumet
  1702 | D:2      | Noticed Robin
  1714 | D:2      | Killed Robin
  1715 | D:2      | Reached XP level 5. HP: 29/34 MP: 2/9
  1877 | D:2      | Found a shimmering altar of Xom.
  1898 | D:2      | Killed Natasha
  2236 | D:2      | Found Vops's Assorted Antiques.
  2261 | D:2      | Offered knowledge of Frozen Ramparts by Vehumet.
  2594 | D:2      | Learned a level 3 spell: Frozen Ramparts
  3249 | D:3      | Reached *** piety under Vehumet
  3250 | D:3      | Reached skill level 1 in Conjurations
  3566 | D:4      | Reached XP level 6. HP: 41/41 MP: 4/10
  3670 | D:4      | Offered knowledge of Ignite Poison by Vehumet.
  3671 | D:4      | Reached skill level 2 in Conjurations
  4097 | D:4      | Found a glowing silver altar of Zin.
  4097 | D:4      | Found a white marble altar of Elyvilon.
  4097 | D:4      | Found a glowing golden altar of the Shining One.
  4188 | D:4      | Noticed a necrophage
  4206 | D:4      | Killed a necrophage
  4207 | D:4      | Reached skill level 3 in Conjurations
  4423 | D:4      | Reached XP level 7. HP: 42/46 MP: 4/11
  4968 | D:5      | Entered Level 5 of the Dungeon
  5118 | D:5      | Reached **** piety under Vehumet
  5293 | D:5      | Reached skill level 4 in Conjurations
  5455 | D:4      | Offered knowledge of Mephitic Cloud by Vehumet.
  5456 | D:4      | Reached skill level 5 in Dodging
  5509 | D:5      | Reached skill level 1 in Shields
  5830 | D:5      | Reached XP level 8. HP: 54/54 MP: 6/12
  5937 | D:5      | Reached skill level 5 in Conjurations
  7111 | D:5      | HP: 2/54 [poisoned by a gnoll sergeant]
  7433 | D:5      | Learned a level 3 spell: Mephitic Cloud
  7597 | D:5      | Noticed Grum
  7618 | D:5      | Killed Grum
  7619 | D:5      | Reached skill level 6 in Conjurations
  8385 | D:6      | Found a burning altar of Makhleb.
  8388 | D:6      | Found an opulent altar of Gozag.
  8394 | D:6      | Reached skill level 5 in Fighting
  8394 | D:6      | Reached XP level 9. HP: 42/61 MP: 9/13
  8800 | D:6      | Found a staircase to the Ecumenical Temple.
  8820 | Temple   | Entered the Ecumenical Temple
  9376 | D:6      | Found a runed translucent gate.
  9376 | D:6      | Found a runed translucent gate.
  9376 | D:6      | Found a runed translucent gate.
  9377 | D:6      | Noticed robertstho's ghost (novice DjCA)
  9378 | D:6      | Noticed Shayle's ghost (novice DjWr)
  9378 | D:6      | Noticed Manisian's ghost (novice SpTm)
  9581 | D:7      | Reached skill level 7 in Conjurations
  9642 | D:7      | Reached ***** piety under Vehumet
  9642 | D:7      | Offered knowledge of Iskenderun's Mystic Blast by Vehumet.
  9818 | D:7      | Found a flagged portal.
  9877 | Bailey   | Entered a bailey
 10037 | Bailey   | Reached skill level 8 in Conjurations
 10044 | Bailey   | Noticed a kobold demonologist
 10064 | Bailey   | Noticed an orc sorcerer
 10067 | Bailey   | Noticed an orange demon
 10574 | Bailey   | Killed a kobold demonologist
 10575 | Bailey   | Reached XP level 10. HP: 42/69 MP: 8/14
 10621 | Bailey   | Noticed an orc knight
 10765 | Bailey   | Noticed an orange demon
 10767 | Bailey   | Noticed a rust devil
 10768 | Bailey   | Killed an orc sorcerer
 10769 | Bailey   | Reached skill level 9 in Conjurations
 10773 | Bailey   | Killed an orc knight
 10929 | Bailey   | Found an iron altar of Okawaru.
 11333 | D:7      | Acquired 617 gold pieces
 11335 | D:7      | Acquired a +0 kite shield of fire resistance
 11702 | D:7      | Noticed a cyan ugly thing
 11730 | D:7      | Noticed a brown ugly thing
 11747 | D:7      | Killed a brown ugly thing
 11754 | D:7      | HP: 5/106 [cyan ugly thing (9)]
 11754 | D:7      | Mangled by a cyan ugly thing

Illustrated notes

Levels and vault maps discovered:
D:1:      dpeg_arrival_water_temple_mockup, layout_basic,
          hellmonk_ecumenical_altar_pennies_from_heaven, st_stairs_14
D:2:      layout_basic, basic_altar, serial_shops, nicolae_shop_behind_doors,
          uniq_robin, uniq_natasha
D:3:      layout_basic, grunt_ministairs_10
D:4:      layout_loops_corners, good_gods_mini_temple, skrybe_limestone_x
D:5:      layout_cave_pools, serial_gnoll_camp, gnoll_camp_huts_basic,
          gnoll_camp_mini_hut, gnoll_camp_mini_doghouse, grums_kennel,
          gnoll_camp_medium_02
D:6:      layout_basic, jmf_multi_god_temple, temple_fountains,
          gammafunk_ghost_cemetery
D:7:      minmay_the_grid_octo_triangle [minmay_the_grid_octo_concentric,
          minmay_the_grid_octo_prize_square_snowflake,
          minmay_the_grid_octo_fat_diamond], layout_basic, enter_bailey_2,
          guppyfry_early_elven_hall
Temple:   eino_narrow_crystal_temple

Skill      XL: |  1  2  3  4  5  6  7  8  9 10 |
---------------+-------------------------------+-----
Spellcasting   | 1 2 3 |  3.0
Fighting       | 1 2 3 4 5 6 7 |  7.3
Dodging        | 4 5 6 7 8 |  8.1
Conjurations   | 1 3 4 6 8 9 |  9.9
Shields        | 1 3 4 |  4.2
Staves         | |  2.0
Stealth        | |  6.6

Action                   |  1- 3 |  4- 6 |  7- 9 | 10-12 || total
-------------------------+-------+-------+-------+-------++-------
Melee: Quarterstaff      |    35 |   109 |    14 |       ||   158
       Constrict         |     8 |    29 |    39 |    15 ||    91
       Tentacles         |     3 |    10 |    32 |     6 ||    51
       Whip              |       |       |   153 |    63 ||   216
       Staff             |       |       |       |     1 ||     1
Throw: Throwing net      |       |       |     3 |       ||     3
 Cast: Shock             |     5 |    78 |   278 |    54 ||   415
       Frozen Ramparts   |       |       |     2 |       ||     2
       Mephitic Cloud    |       |       |     5 |     6 ||    11
  Use: Potion            |       |       |     5 |     2 ||     7
       Scroll            |       |       |    11 |     2 ||    13
 Stab: Sleeping          |     6 |    15 |     2 |     2 ||    25
       Confused          |       |       |     2 |     1 ||     3
       Distracted        |       |       |     1 |       ||     1
Armor: Skin              |     5 |     2 |    36 |     4 ||    47
Dodge: Dodged            |    31 |    57 |   130 |    35 ||   253
Block: Buckler           |       |       |    19 |     7 ||    26

Table legend: (Time is in decaauts)
 A = Elapsed time spent in this place.
 B = Non-inter-level travel time spent in this place.
 C = Inter-level travel time spent in this place.
 D = Time resting spent in this place.
 E = Time spent auto-exploring this place.
 F = Levels seen in this place.
 G = Mean time per level.
                   A        B        C        D        E       F      G
               +--------+--------+--------+--------+--------+-----+--------+
         Total |  11765 |  11470 |    295 |   4041 |   5131 |   9 | 1307.2 |
       Dungeon |  10128 |   9846 |    282 |   3267 |   4691 |   7 | 1446.9 |
        Temple |    192 |    179 |     13 |      0 |    172 |   1 |  192.0 |
        Bailey |   1444 |   1444 |      0 |    774 |    268 |   1 | 1444.0 |
               +--------+--------+--------+--------+--------+-----+--------+

Top non-repeatable levels by time:
     D:5: 2778 daAuts
     D:4: 1699 daAuts
     D:2: 1542 daAuts
  Bailey: 1444 daAuts
     D:6: 1294 daAuts
     D:1: 1094 daAuts
     D:3: 950 daAuts
     D:7: 768 daAuts
  Temple: 192 daAuts
